Map: Sequencer LE

Players

TRUE - Winner!

  • Race: Zerg Zerg
  • Spawn Location: 1:00

PtitDrogo

  • Race: Protoss Protoss
  • Spawn Location: 7:00

Event: WCS Valencia 2017

VOD

Have the link to the VOD?

Description

Time

  • Played on: July 14, 2017, 7:07 a.m.
  • Length: 8:21

All games in this series

Show
View Real Time Build Order
Export as new Build Order

TRUE Zerg - Winner!

Build Orders: Hatch First 

Get SALT Encoding   

  12  0:00  Drone  
  13  0:12  Overlord  
  13  0:17  Drone  
  14  0:31  Drone x2  
  14  0:34  Drone  
  17  0:53  Hatchery  
  17  0:56  Drone  
  17  1:09  Spawning Pool  
  16  1:11  Extractor  
  16  1:14  Drone  
  16  1:18  Drone  
  16  1:20  Drone  
  18  1:29  Drone  
  19  1:39  Overlord  
  19  1:56  Queen  
  19  1:58  Drone  
  19  2:00  Drone  
  23  2:05  Queen, Drone  
  26  2:12  Metabolic Boost  
  27  2:15  Zergling x2  
  27  2:19  Drone  
  29  2:22  Drone  
  29  2:26  Drone  
  30  2:33  Drone  
  31  2:38  Drone  
  32  2:47  Hatchery  
  32  2:49  Evolution Chamber  
  30  2:54  Queen  
  32  3:00  Overlord  
  32  3:01  Drone  
  32  3:04  Drone  
  34  3:06  Drone  
  34  3:08  Drone  
  36  3:18  Overlord  
  36  3:19  Zergling x2  
  37  3:20  Zergling x4  
  37  3:23  Drone x2  
  37  3:26  Drone  
  42  3:27  Drone  
  42  3:31  Zerg Melee Weapons Level 1  
  43  3:38  Drone x3  
  46  3:46  Queen  
  48  3:50  Overlord  
  48  3:56  Overlord  
  48  3:57  Overlord  
  48  3:59  Queen  
  50  4:07  Overlord  
  50  4:09  Drone  
  53  4:10  Drone x3  
  53  4:13  Drone x2  
  56  4:19  Overlord  
  54  4:24  Drone x3  
  54  4:25  Drone x3  
  54  4:30  Queen  
  60  4:40  Drone x5  
  60  4:41  Drone  
  60  4:45  Overlord  
  66  4:47  Lair  
  66  4:50  Extractor, Zergling x2  
  66  4:51  Zergling x2  
  67  4:59  Drone  
  68  5:00  Overlord  
  68  5:03  Extractor, Drone x2  
  68  5:04  Extractor  
  68  5:05  Drone x3  
  71  5:07  Zergling x2  
  71  5:08  Zergling x4  
  71  5:10  Zergling x2  
  71  5:13  Extractor  
  74  5:17  Drone x4  
  74  5:18  Zergling x2  
  74  5:21  Zergling x4  
  80  5:26  Zerg Missile Weapons Level 1  
  80  5:28  Zergling x2  
  81  5:32  Drone  
  82  5:35  Zergling x2  
  82  5:40  Zergling x2, Drone  
  82  5:41  Zergling x10  
  90  5:48  Hatchery  
  90  5:49  Zergling x2  
  90  5:50  Zergling x6, Hydralisk Den  
  90  5:52  Zergling x2  
  90  5:54  Zergling x2  
  94  5:57  Zergling x2  
  94  5:59  Zergling x2  
  94  6:00  Zergling x4  
  98  6:10  Overlord  
  97  6:19  Muscular Augments  
  95  6:26  Hydralisk  
  95  6:28  Overlord x3  
  95  6:31  Hydralisk x2  
  95  6:32  Hydralisk x4  
  106  6:33  Overlord  
  106  6:34  Overlord  
  106  6:39  Hydralisk  
  103  6:41  Hydralisk  
  103  6:46  Overlord  
  105  6:47  Hydralisk x4  
  105  6:50  Hydralisk  
  105  6:52  Hydralisk  
  117  6:55  Hydralisk  
  117  6:58  Hydralisk  
  117  6:59  Hydralisk  
  122  7:02  Hydralisk  
  122  7:05  Hydralisk  
  122  7:07  Hydralisk  
  126  7:08  Hydralisk  
  126  7:12  Hydralisk  
  126  7:14  Hydralisk  
  132  7:16  Hydralisk  
  132  7:18  Hydralisk  
  132  7:22  Zergling x6  
  136  7:25  Zergling x4  
  139  7:30  Zergling x8  
  139  7:31  Zergling x2  
  139  7:33  Zergling x4  
  139  7:36  Zergling x2  
  139  7:37  Zergling x2  
  147  7:38  Zergling x2  
  147  7:39  Zergling x2  
  147  7:41  Zergling x4  
  147  7:43  Zergling x4  
  153  7:44  Zergling x2  
  153  7:46  Zergling x2  
  153  7:47  Zergling x2  
  153  7:48  Zergling x2  
  153  7:49  Zergling x2  
  158  7:52  Zergling x4  
  158  7:56  Overlord x2  
Show
View Real Time Build Order
Export as new Build Order

PtitDrogo Protoss 

Build Orders: 1 Gate Expand, Oracle Opening 

Get SALT Encoding   

  12  0:01  Probe (Chrono Boost)  
  13  0:11  Probe (Chrono Boost)  
  14  0:18  Pylon  
  14  0:22  Probe (Chrono Boost)  
  15  0:36  Probe (Chrono Boost)  
  15  0:40  Gateway  
  16  0:47  Probe (Chrono Boost)  
  16  0:48  Assimilator  
  17  0:57  Probe (Chrono Boost)  
  18  1:08  Probe (Chrono Boost)  
  19  1:20  Nexus  
  19  1:23  Probe (Chrono Boost)  
  20  1:33  Cybernetics Core  
  20  1:36  Probe (Chrono Boost)  
  21  1:43  Assimilator  
  21  1:47  Probe (Chrono Boost)  
  21  1:51  Pylon  
  22  1:58  Probe (Chrono Boost)  
  23  2:09  Probe (Chrono Boost)  
  23  2:10  Adept (Chrono Boost)  
  26  2:21  Probe  
  27  2:25  Stargate  
  27  2:31  Probe  
  27  2:32  Warp Gate  
  27  2:33  Probe  
  29  2:39  Adept (Chrono Boost)  
  29  2:42  Probe  
  32  2:45  Probe  
  33  2:52  Probe  
  33  2:55  Pylon  
  33  2:57  Probe  
  35  3:02  Stalker (Chrono Boost)  
  37  3:08  Probe  
  37  3:10  Probe  
  39  3:13  Oracle (Chrono Boost)  
  42  3:20  Probe  
  42  3:24  Gateway  
  43  3:28  Probe  
  43  3:32  Probe  
  44  3:35  Pylon  
  44  3:40  Probe  
  46  3:43  Probe  
  46  3:45  Oracle (Chrono Boost)  
  50  3:52  Probe  
  50  3:54  Probe  
  52  4:04  Probe x2  
  52  4:06  Pylon  
  54  4:15  Probe  
  54  4:16  Probe  
  56  4:25  Probe  
  56  4:28  Probe, Nexus  
  56  4:29  Phoenix (Chrono Boost)  
  60  4:36  Probe  
  60  4:38  Assimilator  
  61  4:39  Assimilator  
  61  4:40  Probe  
  61  4:44  Twilight Council  
  61  4:45  Forge  
  59  4:46  Probe  
  59  4:50  Robotics Facility  
  60  4:53  Probe  
  60  4:57  Mothership Core (Chrono Boost)  
  60  4:59  Pylon  
  63  5:05  Probe (Chrono Boost)  
  64  5:11  Gateway  
  64  5:12  Gateway  
  64  5:15  Gateway  
  64  5:16  Probe (Chrono Boost)  
  64  5:17  Charge (Chrono Boost), Probe (Chrono Boost)  
  64  5:19  Gateway  
  66  5:27  Probe x2 (Chrono Boost), Sentry x2  
  72  5:38  Probe, Protoss Ground Weapons Level 1 (Chrono Boost)  
  72  5:39  Probe, Warp Prism (Chrono Boost)  
  72  5:40  Probe  
  77  5:48  Gateway  
  77  5:49  Gateway  
  77  5:50  Probe  
  77  5:51  Probe  
  77  5:54  Adept x2  
  83  5:59  Pylon  
  83  6:04  Photon Cannon  
  83  6:12  Probe  
  83  6:15  Probe  
  83  6:16  Probe  
  83  6:18  Assimilator  
  86  6:19  Assimilator  
  86  6:22  Zealot x2  
  86  6:23  Zealot  
  86  6:24  Probe  
  86  6:25  Probe  
  91  6:28  Probe  
  93  6:36  Templar Archives  
  93  6:45  Pylon  
  93  6:48  Pylon  
  93  6:50  Pylon  
  93  6:53  Photon Cannon  
  93  6:55  Pylon  
  93  6:58  Probe  
  93  7:00  Pylon, Phoenix, Probe x2  
  93  7:01  Observer  
  93  7:06  Zealot x2  
  93  7:07  Zealot x5, Pylon  
  103  7:09  Pylon  
  103  7:16  Photon Cannon  
  101  7:23  Immortal  
  101  7:28  Probe  
  98  7:30  High Templar x2  
  98  7:31  High Templar  
  102  7:39  High Templar  
  102  7:40  Zealot x4  
  112  7:54  Photon Cannon  
  112  7:57  Photon Cannon  
  112  8:00  Pylon  
  112  8:01  Zealot x2, High Templar x2  
  112  8:03  Zealot x3  
  124  8:06  Archon  
  124  8:11  Archon  
  124  8:12  Zealot  
Tags
 
Add a new tag
Caveats
  • Supply blocks, unpowered buildings, or Contaminate may cause inaccurate times.
  • Supply counts are checked every 10 seconds.